 Dungeon Crawl Stone Soup version 0.18.1-8-gdd0e5ea (webtiles) character file.

653 Gadfly the Sneak (level 7, -1/33 HPs)
             Began as a Spriggan Enchanter on June 12, 2016.
             Was a Follower of Dithmenos.
             Slain by Sagittarian's ghost (20 damage)
             ... on level 5 of the Dungeon.
             The game lasted 00:16:53 (4250 turns).

Gadfly the Sneak (Spriggan Enchanter)               Turns: 4250, Time: 00:16:53

Health: -1/33      AC:  6    Str:  3 (4)  XL:     7   Next: 28%
Magic:  10/15      EV: 20    Int: 17      God:    Dithmenos [*.....]
Gold:   120        SH:  0    Dex: 17 (18) Spells: 3 memorised, 9 levels left

rFire  . . .     SeeInvis +     j - +2 dagger (venom)
rCold  . . .     Gourm    .     o - +2 robe {rN+}
rNeg   + . .     Faith    .     (shield restricted)
rPois  .         Spirit   .     (helmet restricted)
rElec  .         Dismiss  .     (no cloak)
rCorr  .         Reflect  .     (gloves unavailable)
SustAt +         Harm     .     (boots unavailable)
MR     +....                    (no amulet)
Stlth  +++++.....               q - +2 ring of protection
                                h - ring of sustain attributes

@: wreathed by umbra, very quick, somewhat resistant to hostile enchantments,
quite stealthy
A: unfitting armour, see invisible, herbivore 3, speed 3, slow metabolism 2
a: Renounce Religion


You were on level 5 of the Dungeon.
You worshipped Dithmenos.
Dithmenos was aware of your devotion.
You were not hungry.

You visited 1 branch of the dungeon, and saw 5 of its levels.

You collected 120 gold pieces.

Inventory:

Hand Weapons
 j - a +2 dagger of venom (weapon)
Armour
 o - a +2 robe of positive energy (worn)
Jewellery
 b - an uncursed ring of positive energy
 h - a ring of sustain attributes (left hand)
 q - a +2 ring of protection (right hand)
Wands
 i - a wand of slowing (14/48)
Scrolls
 a - a scroll of recharging
 f - 2 scrolls of amnesia
 g - 2 scrolls of remove curse
Potions
 e - a potion of cure mutation
 l - a potion of curing
Books
 c - a book of Maledictions

   Spells                             Type                      Level
   a - Corona                         Hexes                        1
   b - Ensorcelled Hibernation        Hexes/Ice                    2
   c - Confuse                        Hexes                        3
   d - Tukima's Dance                 Hexes                        3
   e - Dazzling Spray                 Conjuration/Hexes            3
 n - a book of Dreams

   Spells                             Type                      Level
   a - Ensorcelled Hibernation        Hexes/Ice                    2
   b - Silence                        Hexes/Air                    5
   c - Darkness                       Hexes                        6
   d - Shadow Creatures               Summoning                    6
Comestibles
 d - 4 bread rations


   Skills:
 + Level 1.4 Fighting
 + Level 2.3 Short Blades
 + Level 5.1 Dodging
 + Level 7.5 Stealth
 + Level 5.1 Spellcasting
 + Level 6.0 Hexes


You had 9 spell levels left.
You knew the following spells:

 Your Spells              Type           Power        Failure   Level  Hunger
a - Corona                Hex            ###....      1%          1    None
b - Confuse               Hex            ###.....     4%          3    ###....
c - Tukima's Dance        Hex            ###.....     4%          3    ###....


Dungeon Overview and Level Annotations

Branches:
Dungeon (5/15)
 Temple: D:4-7

Altars:
Dithmenos
Sif Muna
Xom

Shops:
D:4 (

Annotations:
D:5 Sagittarian's ghost, amateur TrTm


Innate Abilities, Weirdness & Mutations

You are tiny and cannot use many weapons and most armour.
You have supernaturally acute eyesight.
You are a herbivore.
You cover ground extremely quickly.
You need consume almost no food.


Message History

Sagittarian's ghost completely misses you.
You hit Sagittarian's ghost but do no damage.
Sagittarian's ghost barely misses you.
Things that are here:
a chain mail; a short sword You hit the quokka zombie.
The quokka zombie misses you. Sagittarian's ghost misses you.
Things that are here:
a ring mail; a whip; an orc skeleton The quokka zombie misses you.
The quokka zombie closely misses you.
Found a copper wand.
Things that are here:
a chain mail; a short sword The quokka zombie completely misses you.
There is a stone staircase leading up, spattered with blood here.
You hit the quokka zombie. The quokka zombie closely misses you.
Sagittarian's ghost hits you!!
Ouch! That really hurt!
You die...

#########
..[.....########
#............#
.#.....ZW####.#
........[@...#
/.........##.#
.......)..# #
...(........
#+#####+#####


You could see Sagittarian's ghost and a quokka zombie.

Vanquished Creatures
  Sigmund (D:3)
  The ghost of Jojapa the Sneak, an amateur OpWz (D:4)
  An ogre (D:4)
  A scorpion (D:4)
  A howler monkey (D:3)
  A crimson imp (D:3)
  An iguana (D:4)
  A worker ant (D:4)
  Terence (D:3)
  Robin (D:2)
  5 adders
  An ooze (D:3)
  3 adder skeletons (D:4)
  A worm (D:2)
  A dart slug (D:2)
  10 orcs
  2 ball pythons
  7 giant cockroaches
  15 goblins
  7 hobgoblins
  3 jackals
  3 quokkas
  4 bats
  2 giant newts
  6 kobolds
  7 rats
87 creatures vanquished.

Vanquished Creatures (others)
  A dancing weapon (D:3)
1 creature vanquished.

Grand Total: 88 creatures vanquished

Notes
Turn   | Place    | Note
--------------------------------------------------------------
     0 | D:1      | Gadfly the Spriggan Enchanter began the quest for the Orb.
     0 | D:1      | Reached XP level 1. HP: 9/9 MP: 5/5
   321 | D:1      | Reached XP level 2. HP: 13/13 MP: 4/6
   859 | D:2      | Reached XP level 3. HP: 16/16 MP: 5/8
   864 | D:2      | Learned a level 3 spell: Confuse
   868 | D:2      | Learned a level 3 spell: Tukima's Dance
  1059 | D:2      | Reached skill level 5 in Stealth
  1624 | D:3      | Noticed Robin
  1779 | D:2      | Killed Robin
  1779 | D:2      | Reached XP level 4. HP: 17/21 MP: 1/10
  1951 | D:3      | Found a shadowy altar of Dithmenos.
  1952 | D:3      | Found a shimmering altar of Xom.
  1961 | D:3      | Became a worshipper of Dithmenos the Shadowed
  2096 | D:3      | Noticed Sigmund
  2200 | D:3      | Noticed Terence
  2222 | D:3      | Killed Terence
  2222 | D:3      | Reached skill level 6 in Stealth
  2222 | D:3      | Reached XP level 5. HP: 15/25 MP: 8/11
  2894 | D:3      | Killed Sigmund
  2894 | D:3      | Reached skill level 1 in Fighting
  2894 | D:3      | Reached skill level 5 in Hexes
  2894 | D:3      | Reached XP level 6. HP: 30/30 MP: 4/13
  3065 | D:4      | Noticed Jojapa's ghost (amateur OpWz)
  3081 | D:4      | Killed Jojapa's ghost
  3134 | D:4      | Reached skill level 5 in Dodging
  3134 | D:4      | Reached skill level 7 in Stealth
  3134 | D:4      | Reached XP level 7. HP: 13/33 MP: 10/15
  3400 | D:4      | Reached skill level 5 in Spellcasting
  3433 | D:4      | Reached * piety under Dithmenos
  3457 | D:4      | Found a deep blue altar of Sif Muna.
  3913 | D:4      | Found Xudaor's Weapon Shoppe.
  3959 | D:5      | Entered Level 5 of the Dungeon
  3959 | D:5      | Noticed Sagittarian's ghost (amateur TrTm)
  4250 | D:5      | Slain by Sagittarian's ghost

Skill      XL: |  1  2  3  4  5  6  7 |
---------------+----------------------+-----
Hexes          | 4 5 6 |  6.0
Spellcasting   | 3 4 5 |  5.1
Stealth        | 5 6 7 |  7.5
Dodging        | 4 5 |  5.1
Fighting       | 1 |  1.4
Short Blades   | 2 |  2.3

Action                   |  1- 3 |  4- 6 |  7- 9 || total
-------------------------+-------+-------+-------++-------
Melee: Dagger            |    97 |    96 |    75 ||   268
 Cast: Corona            |     9 |       |       ||     9
       Confuse           |    11 |    10 |     5 ||    26
       Tukima's Dance    |       |     2 |       ||     2
  Use: Scroll            |     6 |     3 |     2 ||    11
       Potion            |     2 |       |     4 ||     6
 Stab: Sleeping          |    15 |     3 |     7 ||    25
       Confused          |     3 |     5 |       ||     8
       Distracted        |       |     1 |     1 ||     2
  Eat: Fruit             |       |     2 |     2 ||     4
Armor: Robe              |     6 |     8 |     8 ||    22
Dodge: Dodged            |    59 |    52 |    62 ||   173
